 Dungeon Crawl Stone Soup version 0.18.1-50-g88ac8fd (webtiles) character file.

209 Peloso the Shield-Bearer (level 5, -4/46 HPs)
             Began as a Ghoul Fighter on Oct 25, 2016.
             Killed by divine providence
             ... invoked by an orc priest
              (8 damage)
             ... on level 3 of the Dungeon.
             The game lasted 00:05:33 (1532 turns).

Peloso the Shield-Bearer (Ghoul Fighter)            Turns: 1532, Time: 00:05:34

Health: -4/46      AC: 10    Str: 20    XL:     5   Next: 87%
Magic:  4/4        EV:  6    Int:  3    God:
Gold:   86         SH:  9    Dex:  9    Spells: 0 memorised, 4 levels left

rFire  . . .     SeeInvis .     a - +0 long sword
rCold  + . .     Gourm    +     m - +1 chain mail {MR+}
rNeg   + + +     Faith    .     c - +0 shield
rPois  ∞         Spirit   .     (no helmet)
rElec  .         Dismiss  .     (no cloak)
rCorr  .         Reflect  .     (no gloves)
SustAt .         Harm     .     (no boots)
MR     +....                    o - amulet of the gourmand
Stlth  ..........               (no ring)
                                (no ring)

@: rotting, somewhat resistant to hostile enchantments, extremely unstealthy
A: rotting body, claws 1, carnivore 3, cold resistance 1, negative energy
resistance 3, slow regeneration 1, torment resistance, unbreathing
a: no special abilities


You were on level 3 of the Dungeon.
You were not hungry.

You visited 1 branch of the dungeon, and saw 3 of its levels.

You collected 86 gold pieces.

Inventory:

Hand Weapons
 a - a +0 long sword (weapon)
Armour
 b - a +0 scale mail
 c - a +0 shield (worn)
 m - a +1 chain mail of magic resistance (worn)
Jewellery
 o - an amulet of the gourmand (around neck)
Scrolls
 j - a scroll of remove curse {unknown}
 k - a scroll of identify {unknown}
 l - a scroll of teleportation {unknown}
 n - a scroll of magic mapping {unknown}
Potions
 d - 2 potions of might
 e - a potion of experience {unknown}
 g - a potion of heal wounds {unknown}
 h - a potion of cure mutation {unknown}
 i - a potion of haste {unknown}
Comestibles
 f - a meat ration


   Skills:
 + Level 3.9 Fighting
 + Level 2.3 Long Blades
 + Level 3.4 Armour
 + Level 1.8 Dodging
 + Level 0.5 Stealth
 + Level 4.1 Shields


You had 4 spell levels left.
You didn't know any spells.

Dungeon Overview and Level Annotations

Branches:
Dungeon (3/15)

Altars:
Fedhas
Qazlal


Innate Abilities, Weirdness & Mutations

Your body is rotting away.
You thrive on raw meat.
You are immune to poison.
You have sharp fingernails.
You are carnivorous and can eat meat at any time.
Your flesh is cold resistant.
You are immune to negative energy.
You regenerate slowly when monsters are visible.
You are immune to unholy pain and torment.
You can survive without breathing.


Message History

The orc priest shouts!
Found an encrusted emerald ring.
Things that are here:
a leather armour; an orc corpse Eat which item? (? for menu, Esc to quit)
Okay, then.
An adder comes into view.
You block the hobgoblin's attack.
The orc priest invokes the aid of Beogh against you.
Beogh smites you!
* * * LOW HITPOINT WARNING * * *
You hear a shout! x4
The hobgoblin hits you but does no damage.
You closely miss the hobgoblin.
The hobgoblin hits you but does no damage.
Your shield and chain mail prevent you from hitting the hobgoblin.
The hobgoblin barely misses you.
The orc priest invokes the aid of Beogh against you.
Beogh smites you!
You die...

... ...
.. o=
.# .#
###o#.#
#@gS..#
#.#.###
#.#...
#.#####
#)# #.#
#.# #.#
#.#


You could see an orc priest, an adder and a hobgoblin.

Vanquished Creatures
  An orc priest (D:3)
  Jessica (D:2)
  Terence (D:2)
  Natasha (D:2)
  5 adders (D:2)
  A worm (D:2)
  A dart slug (D:1)
  A giant gecko (D:2)
  3 orcs (D:3)
  6 bats
  5 giant cockroaches (D:1)
  6 goblins
  4 hobgoblins
  3 jackals (D:2)
  2 giant newts (D:1)
  4 kobolds
  9 rats
54 creatures vanquished.

Notes
Turn   | Place    | Note
--------------------------------------------------------------
     0 | D:1      | Peloso the Ghoul Fighter began the quest for the Orb.
     0 | D:1      | Reached XP level 1. HP: 19/19 MP: 0/0
   136 | D:1      | Reached skill level 3 in Shields
   136 | D:1      | Reached XP level 2. HP: 18/26 MP: 1/1
   375 | D:1      | Reached XP level 3. HP: 21/31 MP: 2/2
   535 | D:1      | Reached skill level 1 in Dodging
   721 | D:2      | Noticed Jessica
   733 | D:2      | Killed Jessica
   733 | D:2      | Reached XP level 4. HP: 40/40 MP: 3/3
   791 | D:2      | Found a stormy altar of Qazlal.
   797 | D:2      | Found a blossoming altar of Fedhas.
   954 | D:2      | Noticed Terence
   965 | D:2      | Killed Terence
   966 | D:2      | Reached XP level 5. HP: 17/45 MP: 4/4
  1296 | D:2      | Noticed Natasha
  1313 | D:2      | Killed Natasha
  1515 | D:3      | Reached skill level 4 in Shields
  1532 | D:3      | Killed from afar by an orc priest

Skill      XL: |  1  2  3  4  5 |
---------------+----------------+-----
Shields        | 3 4 |  4.1
Dodging        | 1 |  1.8
Long Blades    | 2 |  2.3
Armour         | 3 |  3.4
Fighting       | |  3.9
Stealth        | |  0.5

Action                   |  1- 3 |  4- 6 || total
-------------------------+-------+-------++-------
Melee: Long sword        |   108 |   137 ||   245
  Eat: Chunk             |     2 |    10 ||    12
Armor: Scale mail        |    51 |    13 ||    64
       Chain mail        |       |    70 ||    70
Dodge: Dodged            |    39 |    35 ||    74
Block: Shield            |    59 |    88 ||   147
